 Dungeon Crawl Stone Soup version 0.30-a0-634-g8abc85282e (webtiles) character file.

Game seed: 6669245963946924251

227 porpoise the Chopper (level 6, -7/50 HPs)
             Began as a Formicid Fighter on Jan 15, 2023.
             Mangled by Pikel
             ... wielding a +1 whip of flaming
              (8 damage)
             ... on level 4 of the Dungeon.
             The game lasted 00:09:19 (2962 turns).

porpoise the Chopper (Formicid Fighter)             Turns: 2962, Time: 00:09:20

Health: -7/50      AC:  6    Str: 22    XL:     6   Next: 22%
Magic:  6/6        EV:  9    Int:  8    God:
Gold:   229        SH:  5    Dex: 13    Spells: 5/5 levels left

rFire   . . .      SeeInvis +    a - +0 war axe
rCold   . . .      Faith    .    c - +0 buckler
rNeg    . . .      Spirit   .    n - +0 scale mail
rPois   .          Reflect  .    (helmet unavailable)
rElec   .          Harm     .    (no cloak)
rCorr   .          Rampage  .    (no gloves)
Will    .....                    (no boots) Stlth
                                 (no amulet)
HPRegen 0.28/turn                (no ring)
MPRegen 0.10/turn                (no ring)

@: mighty, studying 2 skills
A: permanent stasis, dig shafts and tunnels, antennae 3, four strong arms
a: Dig, Shaft Self


You were on level 4 of the Dungeon.
You visited 1 branch of the dungeon, and saw 4 of its levels.

You collected 229 gold pieces.

Inventory:

Hand Weapons
 a - a +0 war axe (weapon)
 b - a +0 sling
Missiles
 g - 8 boomerangs
 m - 2 poisoned darts (quivered)
 o - 6 atropa-tipped darts
Armour
 c - a +0 buckler (worn)
 f - a +0 kite shield
 n - a +0 scale mail (worn)
Scrolls
 e - a scroll of silence {unknown}
 i - a scroll of teleportation {unknown}
 k - a scroll of immolation
 l - a scroll of fear {unknown}
 p - a scroll of brand weapon {unknown}
 r - a scroll of enchant armour {unknown}
Potions
 h - 3 potions of curing
 q - a potion of haste {unknown}
 s - a potion of resistance {unknown}


   Skills:
 + Level 4.8 Fighting
 * Level 5.1 Axes
 - Level 3.2 Armour
 - Level 4.0 Shields


You had 5 spell levels left.
You didn't know any spells.
Your spell library contained the following spells:

 Spells                   Type           Power      Damage    Failure   Level
 Summon Lightning Spire   Summ/Air       0%         N/A       100%        4
 Storm Form               Tmut/Air       0%         N/A       100%        7
 Maxwell's Capacitive Co  Air            0%         ∞         100%        8


Dungeon Overview and Level Annotations

Branches:
Dungeon (4/15)
 Temple: D:4-7

Altars:
Fedhas

Annotations:
D:4 Pikel


Innate Abilities, Weirdness & Mutations

You cannot be hasted, slowed, berserked, paralysed or teleported.
You can dig through walls and to a lower floor.
You have a pair of large antennae on your head. (SInv)
Your four strong arms can wield two-handed weapons with a shield.


Message History

Pikel burns you. The lemure barely misses you.
You hit Pikel but do no damage.
Pikel is moderately wounded.
You closely miss the lemure. Pikel barely misses you. The lemure hits you.
Pikel hits you with a +1 whip of flaming.
Pikel burns you.
You barely miss Pikel.
Pikel is moderately wounded.
You closely miss the lemure. You barely miss the lemure. The lemure hits you.
The lemure hits you but does no damage. Pikel closely misses you.
You feel very mighty all of a sudden. The lemure hits you.
* * * LOW HITPOINT WARNING * * *
The lemure hits you but does no damage.
Pikel hits you with a +1 whip of flaming!
* * * LOW HITPOINT WARNING * * *
Pikel burns you.
* * * LOW HITPOINT WARNING * * *
You feel much better. You block Pikel's attack. The lemure barely misses you.
The lemure hits you.
You barely miss Pikel.
Pikel is moderately wounded.
You slash the lemure! You hit the lemure but do no damage.
The lemure barely misses you. The lemure hits you but does no damage.
Pikel hits you but does no damage.
You slash Pikel!
Pikel is severely wounded.
You miss the lemure. You closely miss the lemure. The lemure hits you.
* * * LOW HITPOINT WARNING * * *
Pikel hits you with a +1 whip of flaming.
* * * LOW HITPOINT WARNING * * *
Pikel burns you.
* * * LOW HITPOINT WARNING * * *
The lemure hits you.
* * * LOW HITPOINT WARNING * * *
The lemure hits you!
* * * LOW HITPOINT WARNING * * *
You block the lemure's attack.
Pikel hits you with a +1 whip of flaming!
You die...

#.#....$. ##.##..(.... ......#..
...#...(...# ......#..
......#....# .........
........$.. .###..... ..........
... ##.... .......>. ...###
#..).. ......5K# #..#.#####....
......5@###.............
........##.............. .
..............##..............
.##...............#.........##.5.
...#.........................#...
.≈.#..<..................#...##..
.≈...........#.##..........#.....
.≈..>...^....##.##........##.....
.≈...###...................##....


You could see Pikel and 2 lemures.

Vanquished Creatures
  2 lemures (D:4)
  A necrophage (D:4)
  An orc priest (D:3)
  An iguana (D:3)
  A gnoll (D:3)
  2 adders (D:2)
  A worm (D:3)
  3 dart slugs
  4 orcs (D:3)
  7 ball pythons
  6 endoplasms
  A giant cockroach (D:1)
  6 goblins
  7 hobgoblins
  10 jackals
  2 quokkas
  4 bats (D:1)
  5 frilled lizards
  7 kobolds
  8 rats
79 creatures vanquished.

Vanquished Creatures (others)
  A plant (D:1)
1 creature vanquished.

Grand Total: 80 creatures vanquished

Notes
Turn   | Place    | Note
-------+----------+-------------------------------------------
     0 | D:1      | porpoise the Formicid Fighter began the quest for the Orb.
     0 | D:1      | Reached XP level 1. HP: 18/18 MP: 1/1
    99 | D:1      | Reached XP level 2. HP: 24/24 MP: 2/2
   419 | D:1      | Reached XP level 3. HP: 25/30 MP: 3/3
   458 | D:1      | Reached skill level 3 in Axes
  1131 | D:2      | Reached XP level 4. HP: 37/37 MP: 4/4
  1522 | D:3      | Identified 2 scrolls of acquirement
  1522 | D:3      | Acquired a manual of Maces & Flails
  1524 | D:3      | Acquired a manual of Dodging
  1577 | D:3      | Reached skill level 4 in Axes
  1715 | D:3      | Reached XP level 5. HP: 42/42 MP: 5/5
  2556 | D:4      | Noticed a lemure
  2556 | D:4      | Noticed a lemure
  2556 | D:4      | Noticed a lemure
  2589 | D:4      | Killed a lemure
  2594 | D:4      | Killed a lemure
  2697 | D:4      | Found a blossoming altar of Fedhas.
  2947 | D:4      | Noticed Pikel
  2949 | D:4      | Reached skill level 5 in Axes
  2949 | D:4      | Reached XP level 6. HP: 46/50 MP: 6/6
  2959 | D:4      | HP: 1/50 [Pikel/+1 whip of flaming (4)]
  2962 | D:4      | Mangled by Pikel

Illustrated notes

Levels and vault maps discovered:
D:1:      minmay_arrival_five_plusses, layout_basic, minmay_strange_pillars,
          st_stairs_4, grunt_decor_resistance, serial_bayou_crossing
D:2:      layout_loops_ring
D:3:      layout_basic, nicolae_eternal_life, corexii_item_surrounded_by_moat
D:4:      layout_cave_pools, mainiacjoe_overflow_cross_hatched, uniq_pikel

Skill      XL: |  1  2  3  4  5 |
---------------+----------------+-----
Axes           | 3 4 5 |  5.1
Fighting       | 4 |  4.8
Armour         | |  3.2
Shields        | |  4.0

Action                   |  1- 3 |  4- 6 || total
-------------------------+-------+-------++-------
Melee: War axe           |   105 |    91 ||   196
 Fire: Sling             |       |    44 ||    44
Throw: Dart              |       |     5 ||     5
  Use: Scroll            |       |     5 ||     5
       Potion            |       |     2 ||     2
Armor: Scale mail        |    46 |    33 ||    79
Dodge: Dodged            |    46 |    44 ||    90
Block: Buckler           |    29 |    26 ||    55

Table legend: (Time is in decaauts)
 A = Elapsed time spent in this place.
 B = Non-inter-level travel time spent in this place.
 C = Inter-level travel time spent in this place.
 D = Time resting spent in this place.
 E = Time spent auto-exploring this place.
 F = Levels seen in this place.
 G = Mean time per level.
                   A        B        C        D        E       F      G
               +--------+--------+--------+--------+--------+-----+--------+
         Total |   3053 |   2949 |    104 |    369 |   1882 |   4 |  763.2 |
       Dungeon |   3053 |   2949 |    104 |    369 |   1882 |   4 |  763.2 |
               +--------+--------+--------+--------+--------+-----+--------+

Top non-repeatable levels by time:
     D:3: 1195 daAuts
     D:1: 802 daAuts
     D:2: 777 daAuts
     D:4: 278 daAuts
